 Dungeon Crawl Stone Soup version 0.15.0-14-g6bbbb5c (console) character file.

102 gw the Chopper (level 4, -1/46 HPs)
             Began as a Deep Dwarf Fighter on Sept 5, 2014.
             Slain by an ogre
             ... wielding a cursed -3 giant spiked club
              (23 damage)
             ... on Level 3 of the Dungeon.
             The game lasted 00:01:35 (2348 turns).

gw the Chopper (Deep Dwarf Fighter)                 Turns: 2348, Time: 00:01:35

HP  -1/46        AC  5     Str 25      XL: 4   Next: 50%
MP   4/4         EV 10     Int  5      God:
Gold 0           SH  0     Dex 13      Spells:  0 memorised,  3 levels left

rFire  . . .     SeeInvis +     a - +0 war axe
rCold  . . .     Clarity  +     k - +0 ring mail (curse)
rNeg   . . .     rCorr    .     (no shield)
rPois  .         rRot     .     (no helmet)
rElec  .         Spirit   .     (no cloak)
SustAb .         Warding  .     (no gloves)
rMut   .         Stasis   .     (no boots)
Gourm  .                        (no amulet)
MR     .....                    n - cursed -3 ring of intelligence
                                g - ring of see invisible

@: mighty, non-regenerating, not resistant to hostile enchantments, very
unstealthy
A: damage resistance, recharge devices, berserk 1, clarity, sense surroundings
1, robust 1, slow healing 3
a: Device Recharging


You were on level 3 of the Dungeon.
You were not hungry.

You visited 1 branch of the dungeon, and saw 3 of its levels.

Inventory:

Hand weapons
 a - a +0 war axe (weapon)
Missiles
 j - 35 stones (quivered)
Armour
 b - a +0 scale mail
 k - a cursed +0 ring mail (worn)
 m - a +0 scale mail
 o - a +0 scale mail
Magical devices
 d - a wand of heal wounds (3)
Comestibles
 c - a beef jerky
 f - 2 bread rations
 q - a royal jelly
Jewellery
 g - a ring of see invisible (left hand)
 n - a cursed -3 ring of intelligence (right hand)
 p - an uncursed ring of fire {unknown}
Potions
 i - a potion of cancellation
 l - 6 potions of curing


   Skills:
 + Level 3.3 Fighting
 * Level 4.0 Axes
 + Level 1.2 Throwing
 + Level 3.6 Armour
   Level 3.2 Shields


You had 3 spell levels left.
You didn't know any spells.

Dungeon Overview and Level Annotations

Branches:
Dungeon (3/15)

Altars:
Elyvilon
The Shining One


Innate Abilities, Weirdness & Mutations

You are resistant to damage.
You can recharge devices by infusing magical energy.
You passively map a small area around you.
You do not heal naturally.
You tend to lose your temper in combat.
You possess an exceptional clarity of mind.
You are robust (+10% HP).


Message History

MOVING TO (-1,1)
There is a stone staircase leading up here.
You climb upwards.
There is a stone staircase leading down here.
Search for what [Enter for "altar&&makhleb", or ? for help]? altar&&makhleb Can't find anything matching that.
Done exploring.
(D) Dungeon
Where to? (Enter - D:3 @ (x,y), ? - help) Sorry, I don't know how to get there.
(D) Dungeon
Where to? (Enter - D:3, ? - help)
You climb downwards.
The ogre hits you with a giant spiked club!
There is a stone staircase leading up, spattered with blood here.
Drink which item? (? for menu, Esc to quit)
You feel very mighty all of a sudden.
The ogre hits you with a giant spiked club!!
Ouch! That really hurt!
You die...

* .....##..
.......>. ......#.#,
....(..#.#. ,
......#.#.# , ***
#..[.#.#.# *
,#....#.#.#
,#O...#.#.# ,
#g...#.#.# * *
#.###%.#.#.#
#....%.#.#.####.#.*
######............
#####.#.####.##
#.....#.# , *
#.#####.# ,,
#.#########.....#.#
*
*.......^..#.###.#.#


You could see an ogre.

Table legend:
 A = Turns spent in this place as a percentage of turns spent in the entire game.
 B = Non-inter-level travel turns spent in this place as a percentage of non-inter-level travel turns spent in the entire game.
 C = Inter-level travel turns spent in this place as a percentage of turns spent in this place.
 D = Turns resting spent in this place as a percentage of non-inter-level travel turns spent in this place.
 E = Turns spent auto-exploring this place as a percentage of non-inter-level travel turns spent in this place.
 F = Non-inter-level travel turns spent in this place divided by the number of levels of this place that you've seen.
                   A       B       C       D       E      F
               +-------+-------+-------+-------+-------+----------------------
         Total | 100.0 | 100.0 |   1.8 |   0.0 |  14.2 | 240.0
       Dungeon | 100.0 | 100.0 |   1.8 |   0.0 |  14.2 | 240.0
               +-------+-------+-------+-------+-------+----------------------

Table legend:
 A = Kills in this place as a percentage of kills in entire the game.
 B = Kills by you in this place as a percentage of kills by you in the entire game.
 C = Kills by friends in this place as a percentage of kills by friends in the entire game.
 D = Other kills in this place as a percentage of other kills in the entire game.
 E = Experience gained in this place as a percentage of experience gained in the entire game.
 F = Experience gained in this place divided by the number of levels of this place that you have seen.
                   A       B       C       D       E      F
               +-------+-------+-------+-------+-------+----------------------
         Total | 100.0 | 100.0 |  -nan |  -nan | 100.0 |  49.0
       Dungeon | 100.0 | 100.0 |  -nan |  -nan | 100.0 |  49.0
               +-------+-------+-------+-------+-------+----------------------

Vanquished Creatures
  Jessica (D:2)
  2 adders (D:2)
  A giant mite (D:2)
  3 worms (D:2)
  2 ball pythons
  2 giant cockroaches
  5 goblins (D:2)
  3 hobgoblins
  A quokka (D:3)
  6 bats
  A giant gecko (D:1)
  3 giant newts
  8 kobolds
  8 rats
  2 toadstools (D:1)
48 creatures vanquished.

Vanquished Creatures (others)
  2 toadstools (D:1)
2 creatures vanquished.

Grand Total: 50 creatures vanquished

Notes
Turn   | Place    | Note
--------------------------------------------------------------
     0 | D:1      | gw, the Deep Dwarf Fighter, began the quest for the Orb.
     0 | D:1      | Reached XP level 1. HP: 20/20 MP: 1/1
   203 | D:1      | Found a glowing golden altar of the Shining One.
   357 | D:1      | Reached XP level 2. HP: 24/27 MP: 2/2
   828 | D:1      | Gained mutation: You possess an exceptional clarity of mind. [potion of mutation]
   828 | D:1      | Gained mutation: You tend to lose your temper in combat. [potion of mutation]
   828 | D:1      | Gained mutation: You are robust (+10% HP). [potion of mutation]
   901 | D:2      | Found a white marble altar of Elyvilon.
  1079 | D:2      | Reached XP level 3. HP: 27/37 MP: 3/3
  1081 | D:2      | Noticed Jessica
  1089 | D:2      | Killed Jessica
  1147 | D:2      | Reached skill level 1 in Throwing
  1487 | D:2      | Reached XP level 4. HP: 19/46 MP: 4/4
  2246 | D:3      | Reached skill level 4 in Axes
  2339 | D:3      | Noticed an ogre
  2348 | D:3      | Slain by an ogre

Action                   |  1- 3 |  4- 6 || total
-------------------------+-------+-------++-------
Melee: War axe           |    85 |    51 ||   136
Throw: Stone             |   104 |    51 ||   155
Evoke: Wand              |       |     2 ||     2
  Use: Potion            |     6 |     2 ||     8
       Scroll            |     2 |       ||     2
  Eat: Chunk             |     2 |     3 ||     5

Vault maps used:
D:1:      ldierk_water_garden, tso_metal_star
D:2:      elyvilon_altar_4, uniq_jessica
D:3:      first_bread, nicolae_dithmenos_through_a_glass_darkly
